 Dungeon Crawl Stone Soup version 0.28.0-43-g3370ac3207 (webtiles) character file.

Game seed: 16477122564339505164

91 Faeu the Covered (level 4, -3/41 HPs)
             Began as a Minotaur Fighter on Mar 23, 2022.
             Slain by a gnoll
             ... wielding a +0 spear
              (6 damage)
             ... on level 2 of the Dungeon.
             The game lasted 00:05:35 (1852 turns).

Faeu the Covered (Minotaur Fighter)                 Turns: 1852, Time: 00:05:36

Health: -3/41      AC:  7    Str: 23    XL:     4   Next: 34%
Magic:  3/3        EV:  9    Int:  5    God:
Gold:   69         SH:  4    Dex:  9    Spells: 3/3 levels left

rFire   . . .      SeeInvis .   g - +3 short sword {short}
rCold   . . .      Faith    .   c - +0 buckler
rNeg    + . .      Spirit   .   b - +0 scale mail
rPois   .          Reflect  .   (helmet restricted)
rElec   .          Harm     .   (no cloak)
rCorr   .          Rampage  .   (no gloves)
Will    .....                   (no boots)
Stlth   ..........              (no amulet)
HPRegen 0.13/turn               i - ring of positive energy
MPRegen 0.08/turn               (no ring)

@: mighty
A: horns 2, retaliatory headbutt
a: no special abilities


You were on level 2 of the Dungeon.
You visited 1 branch of the dungeon, and saw 2 of its levels.

You collected 69 gold pieces.


Innate Abilities, Weirdness & Mutations

You have a pair of horns on your head.
You reflexively headbutt those who attack you in melee.


   Skills:
 + Level 4.3 Fighting
 + Level 3.4 Long Blades
 + Level 4.4 Armour
 + Level 4.4 Shields


You had 3 spell levels left.
You didn't know any spells.
Your spell library was empty.

Inventory:

Hand Weapons
 a - a +0 long sword {long}
 g - a +3 short sword (weapon) {short}
   (You took it off a kobold on level 1 of the Dungeon)
 k - a +1 dagger of distortion {!wshort}
   (You found it on level 2 of the Dungeon)
Armour
 b - a +0 scale mail (worn)
 c - a +0 buckler (worn)
Jewellery
 i - a ring of positive energy (left hand)
   (You found it on level 1 of the Dungeon)
Wands
 l - a wand of flame (12)
   (You found it on level 2 of the Dungeon)
Scrolls
 e - a scroll of identify {unknown}
 f - a scroll of immolation {unknown}
 m - a scroll of brand weapon {unknown}
Potions
 j - a potion of attraction {unknown}
 n - a potion of invisibility {unknown}

Dungeon Overview and Level Annotations

Branches:
Dungeon (2/15)

Altars:

#.#.# ############# ## #.#.#
#....##.....# .# #.#.#
####....##.###.#
.####.#.######.......+..###.####
.+.##................#..##.....+
.#.####.#......##.#.....##..####
........#.#######.##.#.#....#
.#.######.........g..#g#.#.##
.#.########.....@.#).#.#.#.#
##........+.....(.#..#.#.#.#
###########.......#..#.#.#.#
#####.............#.^#)#.#.#
.......<.#........####.#.#.#
.........#........# #.#.#.#
..................# #.#.#
#####.#.##........# ##'#'#+#...
......#.##.######.# #.)........


You could see a gnoll.


Message History

There are monsters nearby!
You closely miss the gnoll. You headbutt the gnoll.
The bat hits you but does no damage.
The gnoll hits you with a +0 flail. 😕 HP[-3]
You take 3 damage, and now have 37/40 hp.
There are monsters nearby!
You hit the bat.
You kill the bat!
The gnoll closely misses you. You furiously retaliate!
You headbutt the gnoll. The gnoll barely misses you.
There are monsters nearby!
You hit the gnoll but do no damage. Your headbutt misses the gnoll.
The gnoll hits you with a +0 flail.
The gnoll hits you from afar with a +0 spear! 😮 HP[-11]
You take 11 damage, and now have 26/40 hp.
MASSIVE DAMAGE!! (PAUSE)
There are monsters nearby!
You are too injured to fight recklessly!
There are monsters nearby!
You are too injured to fight recklessly!
There are monsters nearby!
You are too injured to fight recklessly!
There are monsters nearby!
You are too injured to fight recklessly!
There are monsters nearby!
You are too injured to fight recklessly!
There are monsters nearby!
You are too injured to fight recklessly!
There are monsters nearby!
You are too injured to fight recklessly!
There are monsters nearby!
You are too injured to fight recklessly!
There are monsters nearby!
You are too injured to fight recklessly!
There are monsters nearby!
You are too injured to fight recklessly!
There are monsters nearby!
You are too injured to fight recklessly!
There are monsters nearby!
You are too injured to fight recklessly!
There are monsters nearby!
You are too injured to fight recklessly!
There are monsters nearby!
You are too injured to fight recklessly!
There are monsters nearby!
You are too injured to fight recklessly!
Unknown command.
You open the door. The gnoll hits you with a +0 flail.
The gnoll hits you from afar with a +0 spear.
There are monsters nearby!
You are too injured to fight recklessly! 😮 HP[-4]
You take 4 damage, and now have 22/40 hp.
Unknown command.
There's nothing to open nearby.
Unknown command.
There is an open door here.
There's nothing to open nearby.
You closely miss the gnoll. You headbutt the gnoll.
You kill the gnoll!
The gnoll barely misses you.
The gnoll hits you with a +1 flail of protection. 😮 HP[-1]
You take 1 damage, and now have 21/40 hp.
You hit the gnoll.
The gnoll hits you with a +1 flail of protection!
* * * LOW HITPOINT WARNING * * *
😨 HP[-10]
You take 10 damage, and now have 11/40 hp.
MASSIVE DAMAGE!! (PAUSE)
You hit the gnoll but do no damage. You block the gnoll's attack.
The gnoll barely misses you.
You hit the gnoll. The gnoll hits you but does no damage.
The gnoll hits you with a +1 flail of protection!
* * * LOW HITPOINT WARNING * * *
😱 HP[-9]
You take 9 damage, and now have 2/40 hp.
MASSIVE DAMAGE!! (PAUSE) It was a potion of curing.
You feel better. You block the gnoll's attack.
The gnoll hits you with a +1 flail of protection.
* * * LOW HITPOINT WARNING * * *
😱 HP[+1]
Aiming: Throw Flame
Press: ? - help, Shift-Dir - straight line, f - gnoll
Aim: a gnoll, wielding a +1 flail of protection (moderately wounded, 72% to hit)
The puff of flame misses the gnoll. x2; The gnoll closely misses you.
You hit the gnoll. Your headbutt misses the gnoll.
The gnoll hits you but does no damage. You block the gnoll's attack.
You feel very mighty all of a sudden. The gnoll barely misses you. x2
You hit the gnoll.
You kill the gnoll!
The gnoll hits you from afar with a +0 spear.
* * * LOW HITPOINT WARNING * * *
😱 HP[-1]
You now have 41 max hp (+1). 😱 HP[+1]
The gnoll hits you from afar with a +0 spear.
You die...

Skill      XL: |  1  2 |
---------------+-------+-----
Armour         | 4 |  4.4
Shields        | 4 |  4.4
Fighting       | 4 |  4.3
Long Blades    | 3 |  3.4

Action                   |  1- 3 |  4- 6 || total
-------------------------+-------+-------++-------
Melee: Long sword        |    36 |       ||    36
       Short sword       |    54 |    14 ||    68
       Headbutt          |     6 |     2 ||     8
Evoke: Wand              |       |     1 ||     1
  Use: Potion            |       |     2 ||     2
Armor: Scale mail        |    50 |     7 ||    57
Dodge: Dodged            |    37 |     8 ||    45
Block: Buckler           |    18 |     4 ||    22

Levels and vault maps discovered:
D:1:      minmay_arrival_doors, layout_loops_ring,
          hellmonk_ecumenical_altar_lost_god, minmay_misc_feat_plants
D:2:      layout_basic

Notes
Turn   | Place    | Note
-------+----------+-------------------------------------------
     0 | D:1      | Faeu the Minotaur Fighter began the quest for the Orb.
     0 | D:1      | Reached XP level 1. HP: 19/19 MP: 0/0
     0 | D:1      | magus.rc [v1.9.6]
   322 | D:1      | Reached XP level 2. HP: 27/27 MP: 1/1
   325 | D:1      | Found a faded altar of an unknown god.
   471 | D:1      | Reached skill level 4 in Armour
   583 | D:1      | Reached skill level 4 in Shields
   592 | D:1      | Reached skill level 4 in Fighting
   883 | D:1      | Reached skill level 3 in Long Blades
   959 | D:1      | Reached XP level 3. HP: 33/33 MP: 2/2
  1673 | D:2      | Reached XP level 4. HP: 40/40 MP: 3/3
  1833 | D:2      | HP: 2/40 [gnoll/+1 flail of protection (9)]
  1842 | D:2      | HP: 2/40 [gnoll/+0 spear (2)]
  1852 | D:2      | Slain by a gnoll

Vanquished Creatures
  2 gnolls (D:2)
  3 adders (D:2)
  A worm (D:2)
  A dart slug (D:1)
  4 endoplasms (D:1)
  3 giant cockroaches
  6 goblins
  2 hobgoblins
  7 kobolds
  5 ball pythons
  A bat (D:2)
  A frilled lizard (D:2)
  4 rats
40 creatures vanquished.

Table legend:
 A = Non-vault XP
 B = Vault XP
 C = Vault XP percentage of total XP
 D = Non-vault monster count
 E = Vault monster count
 F = Vault count percentage of total count
                 A         B        C        D         E       F
            +---------+---------+-------+---------+---------+-------
      Total |     131 |       0 |   0.0 |      40 |       0 |   0.0
            +---------+---------+-------+---------+---------+-------
        D:1 |      41 |       0 |   0.0 |      22 |       0 |   0.0
        D:2 |      90 |       0 |   0.0 |      18 |       0 |   0.0
            +---------+---------+-------+---------+---------+-------

Illustrated notes

Table legend:
 A = Kills in this place as a percentage of kills in entire the game.
 B = Kills by you in this place as a percentage of kills by you in the entire game.
 C = Kills by friends in this place as a percentage of kills by friends in the entire game.
 D = Other kills in this place as a percentage of other kills in the entire game.
 E = Experience gained in this place as a percentage of experience gained in the entire game.
 F = Experience gained in this place divided by the number of levels of this place that you have seen.
                   A       B       C       D       E      F
               +-------+-------+-------+-------+-------+----------------------
         Total | 100.0 | 100.0 |   N/A |   N/A | 100.0 |  65.5
       Dungeon | 100.0 | 100.0 |   N/A |   N/A | 100.0 |  65.5
               +-------+-------+-------+-------+-------+----------------------

Table legend: (Time is in decaauts)
 A = Elapsed time spent in this place.
 B = Non-inter-level travel time spent in this place.
 C = Inter-level travel time spent in this place.
 D = Time resting spent in this place.
 E = Time spent auto-exploring this place.
 F = Levels seen in this place.
 G = Mean time per level.
                   A        B        C        D        E       F      G
               +--------+--------+--------+--------+--------+-----+--------+
         Total |   1866 |   1854 |     12 |    149 |   1295 |   2 |  933.0 |
       Dungeon |   1866 |   1854 |     12 |    149 |   1295 |   2 |  933.0 |
               +--------+--------+--------+--------+--------+-----+--------+

Top non-repeatable levels by time:
     D:1: 1061 daAuts
     D:2: 805 daAuts
